 Dungeon Crawl Stone Soup version 0.18-a0-1773-gec4f98e (webtiles) character file.

90 epen the Slasher (level 4, -3/39 HPs)
             Began as a Naga Gladiator on Apr 14, 2016.
             Slain by an iguana (6 damage)
             ... on level 3 of the Dungeon.
             The game lasted 00:04:26 (2741 turns).

epen the Slasher (Naga Gladiator)                   Turns: 2741, Time: 00:04:27

Health: -3/39      AC:  4    Str: 18    XL:     4   Next: 56%
Magic:  4/4        EV: 10    Int:  8    God:
Gold:   92         SH:  3    Dex: 12    Spells: 0 memorised, 3 levels left

rFire  . . .     SeeInvis +     i - -1 dagger (curse)
rCold  . . .     Gourm    .     h - +0 ring mail
rNeg   . . .     Faith    .     (no shield)
rPois  +         Spirit   .     c - +0 helmet
rElec  .         Dismiss  .     (no cloak)
rCorr  .         Reflect  +     (no gloves)
SustAt .         Harm     .     (no barding)
MR     .....                    t - +3 amulet of reflection
Stlth  +.........               u - ring of see invisible
                                v - +1 ring of evasion

@: short of breath, very slow, not resistant to hostile enchantments, very
unstealthy
A: see invisible, deformed body, poison resistance, slowness 2, slow metabolism
1, spit poison 2, AC +1
a: Spit Poison


You were on level 3 of the Dungeon.
You were not hungry.

You visited 1 branch of the dungeon, and saw 3 of its levels.

You collected 92 gold pieces.

Inventory:

Hand Weapons
 a - a +0 long sword
 i - a cursed -1 dagger (weapon)
Missiles
 d - 3 throwing nets (quivered)
Armour
 b - a +1 leather armour
 c - a +0 helmet (worn)
 h - a +0 ring mail (worn)
Jewellery
 m - an uncursed ring of poison resistance
 t - a +3 amulet of reflection (around neck)
 u - a ring of see invisible (right hand)
 v - a +1 ring of evasion (left hand)
Scrolls
 o - a scroll of magic mapping
Potions
 e - 2 potions of curing
 j - a potion of might
 k - 3 potions of agility
 r - a potion of lignification {unknown}
 w - a potion of cancellation
Comestibles
 f - 5 bread rations
 g - a meat ration
 n - a beef jerky


   Skills:
 - Level 2.0 Fighting
 * Level 4.0 Long Blades
 - Level 1.7 Throwing
 * Level 3.3 Dodging
 + Level 2.4 Stealth


You had 3 spell levels left.
You didn't know any spells.

Dungeon Overview and Level Annotations

Branches:
Dungeon (3/15)

Altars:

Annotations:
D:3 sergedm's ghost, amateur DECj


Innate Abilities, Weirdness & Mutations

You cannot wear boots.
Your serpentine skin is tough (AC +1).
You have supernaturally acute eyesight.
Armour fits poorly on your strangely shaped body.
Your system is resistant to poisons.
You cover ground very slowly.
You have a slow metabolism.
You can spit poison.


Message History

You closely miss the iguana.
The iguana bites you but does no damage.
You hit the iguana.
The iguana is lightly wounded.
You hit the iguana but do no damage.
The iguana is lightly wounded.
The iguana bites you.
You barely miss the iguana.
The iguana is lightly wounded.
The iguana bites you!
You closely miss the iguana.
The iguana is lightly wounded.
The iguana bites you!
* * * LOW HITPOINT WARNING * * *
Press: ? - help, Shift-Dir - straight line, f/p - iguana
Aim: an iguana (lightly wounded)
The splash of poison hits the iguana.
The iguana is heavily wounded.
You feel slightly more hungry. The iguana bites you.
You die...

### #.. #.# #.#
### #.# ....
#######.##.....
...............
#l# #@# #<# ###


You could see an iguana.

Vanquished Creatures
  4 adders
  A worm (D:2)
  3 dart slugs
  A giant gecko (D:2)
  5 bats
  5 giant cockroaches
  5 goblins
  A hobgoblin (D:2)
  4 jackals (D:2)
  3 kobolds
  A ball python (D:2)
  4 giant newts
  7 rats
44 creatures vanquished.

Notes
Turn   | Place    | Note
--------------------------------------------------------------
     0 | D:1      | epen the Naga Gladiator began the quest for the Orb.
     0 | D:1      | Reached XP level 1. HP: 19/19 MP: 1/1
     3 | D:1      | Noticed an electric eel
     3 | D:1      | Noticed an electric eel
   154 | D:1      | Reached skill level 1 in Stealth
   154 | D:1      | Reached XP level 2. HP: 13/26 MP: 2/2
   653 | D:1      | You fall through a shaft!
  1195 | D:2      | Reached XP level 3. HP: 30/32 MP: 3/3
  1831 | D:2      | Reached XP level 4. HP: 35/39 MP: 4/4
  2252 | D:2      | Reached skill level 4 in Long Blades
  2518 | D:3      | Noticed sergedm's ghost (amateur DECj)
  2741 | D:3      | Slain by an iguana

Vault maps used:
D:1:      arrival_aquarium_b, feat_on_display
D:3:      grunt_dithmenos_smoke, first_bread

Skill      XL: |  1  2  3  4 |
---------------+-------------+-----
Stealth        | 1 2 |  2.4
Dodging        | 3 |  3.3
Long Blades    | 4 |  4.0
Fighting       | |  2.0
Throwing       | |  1.7

Action                   |  1- 3 |  4- 6 || total
-------------------------+-------+-------++-------
Melee: Long sword        |    30 |       ||    30
       Dagger            |   118 |    97 ||   215
 Abil: Spit Poison       |     6 |     5 ||    11
  Use: Scroll            |     9 |     1 ||    10
 Stab: Sleeping          |     1 |     2 ||     3
  Eat: Chunk             |     2 |     3 ||     5
Armor: Leather armour    |    50 |    39 ||    89
       Ring mail         |       |    16 ||    16
Dodge: Dodged            |    76 |    85 ||   161
Block: Other             |    13 |    14 ||    27
       Reflection        |     1 |       ||     1
